 Dungeon Crawl Stone Soup version 0.24.1-14-gf8d2b509d9 (webtiles) character file.

Game seed: 7220648239571209473, levelgen mode: deterministic

817 Hugehornet the Chopper (level 7, -4/61 HPs)
             Began as a Gargoyle Fighter on May 25, 2020.
             Slain by an ogre
             ... wielding a +0 giant club
              (14 damage)
             ... on level 5 of the Dungeon.
             The game lasted 00:07:49 (4397 turns).

Hugehornet the Chopper (Gargoyle Fighter)           Turns: 4397, Time: 00:07:50

Health: -4/61      AC: 18    Str: 25    XL:     7   Next: 94%
Magic:  7/7        EV:  6    Int: 10    God:
Gold:   172        SH:  9    Dex:  9    Spells: 6/6 levels left

rFire    . . .     SeeInvis .   a - +0 war axe
rCold    . . .     Gourm    .   c - +0 shield
rNeg     + + .     Faith    .   j - +0 chain mail
rPois    ∞         Spirit   .   e - +0 helmet
rElec    +         Reflect  .   E - +1 cloak
rCorr    .         Harm     .   (no gloves)
MR       .....                  l - +0 pair of boots
Stlth    ..........             w - amulet of the acrobat
HPRegen  0.20/turn              g - ring of positive energy
MPRegen  0.10/turn              (no ring)

@: mighty, berserking, very quick
A: negative energy resistance 1, electricity resistance, unbreathing,
petrification resistance, rot immunity, AC +4
a: no special abilities


You were on level 5 of the Dungeon.
You were near starving.

You visited 1 branch of the dungeon, and saw 5 of its levels.

You collected 184 gold pieces.
You spent 12 gold pieces at shops.

Inventory:

Hand Weapons
 a - a +0 war axe (weapon)
 x - a +0 morningstar
Armour
 c - a +0 shield (worn)
 e - a +0 helmet (worn)
 i - a +0 plate armour
 j - a +0 chain mail (worn)
 l - a +0 pair of boots (worn)
 E - a +1 cloak (worn)
Jewellery
 g - a ring of positive energy (left hand)
 w - an amulet of the acrobat (around neck)
Wands
 q - a wand of flame (11)
 C - a wand of random effects (12)
 D - a wand of disintegration (14)
Scrolls
 o - 4 scrolls of teleportation
 r - a scroll of enchant armour {unknown}
 v - a scroll of noise {unknown}
 y - a scroll of blinking {unknown}
 A - a scroll of fear {unknown}
 B - 3 scrolls of enchant weapon {unknown}
Potions
 b - a potion of haste {unknown}
 d - 3 potions of might
 h - a potion of cancellation
 k - 2 potions of mutation
 p - a potion of flight
 s - a potion of agility {unknown}
 t - 2 potions of curing
 z - a potion of lignification {unknown}
Comestibles
 f - 9 rations


   Skills:
 - Level 3.2 Fighting
 + Level 7.7 Axes
 - Level 3.2 Armour
 + Level 1.7 Dodging
 + Level 0.5 Stealth
 - Level 3.2 Shields


You had 6 spell levels left.
You didn't know any spells.
Your spell library was empty.

Dungeon Overview and Level Annotations

Branches:
Dungeon (5/15)
 Temple: D:4-7

Altars:
Ashenzari
Okawaru
Uskayaw

Shops:
D:4 *


Innate Abilities, Weirdness & Mutations

You are resistant to torment.
Your stone body is resilient. (AC +4)
You are immune to poison.
You resist negative energy. (rN+)
You are resistant to electric shocks. (rElec)
You can survive without breathing.
You are immune to petrification.
You are immune to rotting.


Message History

The orc priest mumbles some strange prayers to Beogh against you.
You are unaffected.
Something hits you but does no damage. The orc barely misses you.
You closely miss the orc priest.
The orc priest is heavily wounded.
You closely miss something.
Your shield and chain mail prevent you from hitting the ogre.
The ogre hits you with a +0 giant club!
* * * LOW HITPOINT WARNING * * *
You block the orc priest's attack. Something hits you but does no damage.
The orc hits you from afar with a +0 trident.
* * * LOW HITPOINT WARNING * * *
You feel better. You block the ogre's attack.
You block the orc priest's attack. Something hits you but does no damage.
The orc hits you from afar with a +0 trident.
* * * LOW HITPOINT WARNING * * *
A red film seems to cover your vision as you go berserk!
You feel yourself moving faster!
You feel mighty! You block the orc priest's attack.
The ogre hits you with a +0 giant club!
You die...

........##.#
.[......##.#
........##.##### ##
.............#
...########.........#
.........##.........#
.........##.........#
......{oO..[........#
.)...o)@..(.........#
...........#.....####
#..........##....#
#..........##....#
.........?.........
########...###..##.#
##### ..# .#


You could see an ogre, an orc priest and an orc.

Vanquished Creatures
  Grinder (D:4)
  An ice beast (D:5)
  An ogre (D:4)
  A scorpion (D:4)
  2 howler monkeys
  A crimson imp (D:5)
  A centaur skeleton (D:4)
  An orc wizard (D:3)
  Natasha (thrice) (D:3)
  A hound skeleton (D:4)
  4 adders
  A shadow imp (D:4)
  2 oozes (D:1)
  4 worms
  3 dart slugs
  3 leopard geckos
  6 orcs
  4 giant cockroaches
  6 goblins
  6 hobgoblins
  A jackal (D:1)
  6 kobolds
  4 quokkas
  A ball python (D:2)
  6 bats
  5 frilled lizards
  A giant cockroach zombie (D:5)
  A leopard gecko skeleton (D:4)
  5 rats (D:1)
82 creatures vanquished.

Notes
Turn   | Place    | Note
-------+----------+-------------------------------------------
     0 | D:1      | Hugehornet the Gargoyle Fighter began the quest for the
                  | Orb.
     0 | D:1      | Reached XP level 1. HP: 14/14 MP: 1/1
    75 | D:1      | Reached skill level 2 in Axes
   146 | D:1      | Reached XP level 2. HP: 16/19 MP: 2/2
   382 | D:1      | Reached skill level 3 in Axes
   427 | D:1      | Reached XP level 3. HP: 22/23 MP: 3/3
   921 | D:2      | Reached XP level 4. HP: 17/28 MP: 4/4
  1305 | D:2      | Found a hide-covered altar of Uskayaw.
  1439 | D:2      | Reached skill level 4 in Axes
  1996 | D:3      | Reached XP level 5. HP: 32/32 MP: 5/5
  2000 | D:3      | Noticed Natasha
  2031 | D:3      | Killed Natasha
  2042 | D:3      | Reached skill level 5 in Axes
  2383 | D:3      | Noticed Natasha
  2389 | D:3      | Killed Natasha
  2389 | D:3      | Reached XP level 6. HP: 37/37 MP: 6/6
  2404 | D:3      | Noticed Natasha
  2416 | D:3      | Killed Natasha
  2816 | D:4      | Reached skill level 1 in Dodging
  2822 | D:4      | Reached skill level 6 in Axes
  2908 | D:4      | Found an iron altar of Okawaru.
  2947 | D:4      | Found Fitipen's General Store.
  2950 | D:4      | Bought a potion of degeneration for 12 gold pieces
  3150 | D:4      | Reached XP level 7. HP: 31/41 MP: 7/7
  3309 | D:4      | Found a shattered altar of Ashenzari.
  3309 | D:4      | Noticed Grinder
  3312 | D:4      | Paralysed by Grinder for 5 turns
  3326 | D:4      | Paralysed by Grinder for 7 turns
  3344 | D:4      | Paralysed by Grinder for 3 turns
  3352 | D:4      | Killed Grinder
  3352 | D:4      | Reached skill level 7 in Axes
  3971 | D:5      | Entered Level 5 of the Dungeon
  4395 | D:5      | HP: 1/41 [orc/+0 trident (6)]
  4397 | D:5      | Slain by an ogre

Levels and vault maps discovered:
D:1:      dpeg_arrival_brainrot, layout_basic
D:2:      layout_loops_ring, old_standard_altar
D:3:      layout_basic, uniq_natasha
D:4:      layout_loops_corners, lemuel_crystal_altar, okawaru_gym_becter,
          serial_shops, nicolae_shop_behind_doors, uniq_grinder
D:5:      layout_basic, first_ration, hangedman_abyss_or_decor_stagger,
          uniq_blork_the_orc

Skill      XL: |  1  2  3  4  5  6  7 |
---------------+----------------------+-----
Axes           | 2 3 4 5 6 7 |  7.7
Dodging        | 1 |  1.7
Fighting       | |  3.2
Armour         | |  3.2
Stealth        | |  0.5
Shields        | |  3.2

Action                   |  1- 3 |  4- 6 |  7- 9 || total
-------------------------+-------+-------+-------++-------
Melee: War axe           |   143 |   196 |    78 ||   417
  Use: Scroll            |       |     8 |     2 ||    10
       Potion            |       |       |     4 ||     4
  Eat: Chunk             |       |     8 |     2 ||    10
Armor: Scale mail        |    33 |       |       ||    33
       Chain mail        |    71 |   128 |    55 ||   254
Dodge: Dodged            |    36 |    40 |    16 ||    92
Block: Shield            |    73 |    97 |    35 ||   205
